 Dungeon Crawl Stone Soup version 0.28-a0-620-g539b0f7ac7 (webtiles) character file.

Game seed: 15008888213373098231

385 siradein the Sneak (level 6, -1/47 HPs)
             Began as a Demonspawn Brigand on Oct 7, 2021.
             Was an Initiate of Okawaru.
             Succumbed to a scorpion's poison
             ... on level 5 of the Dungeon.
             The game lasted 00:08:33 (5104 turns).

siradein the Sneak (Demonspawn Brigand)             Turns: 5104, Time: 00:08:33

Health: -1/47      AC:  9    Str: 13    XL:     6   Next: 48%
Magic:  6/6        EV:  6    Int: 12    God:    Okawaru [......]
Gold:   116        SH:  0    Dex: 15    Spells: 5/5 levels left

rFire   . . .      SeeInvis .   a - +2 dagger
rCold   . . .      Faith    .   (no shield)
rNeg    . . .      Spirit   .   u - +0 chain mail
rPois   .          Reflect  .   (no helmet)
rElec   .          Harm     .   c - +0 cloak
rCorr   .          Rampage  .   (no gloves)
Will    .....                   (no boots)
Stlth   ..........              (no amulet)
HPRegen 0.15/turn               p - ring of flight
MPRegen 0.10/turn               (no ring)

@: lethally poisoned (-1 -> -13), flying
A: spiny 1, weakness stinger 2
a: Renounce Religion


You were on level 5 of the Dungeon.
You worshipped Okawaru.
Okawaru was noncommittal.
You visited 1 branch of the dungeon, and saw 5 of its levels.

You collected 116 gold pieces.

Inventory:

Hand Weapons
 a - a +2 dagger (weapon)
Missiles
 b - 24 stones (quivered)
 d - 22 poisoned darts
 e - 2 curare-tipped darts
 o - 13 boomerangs
 t - 5 datura-tipped darts
Armour
 c - a +0 cloak (worn)
 u - a +0 chain mail (worn)
Jewellery
 p - a ring of flight (left hand)
Wands
 q - a wand of polymorph (9)
Scrolls
 g - 2 scrolls of enchant weapon {unknown}
 h - a scroll of teleportation
 i - 2 scrolls of identify {unknown}
 r - a scroll of noise {unknown}
 v - a scroll of enchant armour {unknown}
 w - a scroll of vulnerability {unknown}
 x - a scroll of magic mapping {unknown}
Potions
 f - 3 potions of flight {unknown}
 j - 4 potions of curing {unknown}
 k - 2 potions of resistance {unknown}
 l - a potion of experience {unknown}
 m - 4 potions of attraction {unknown}
 n - a potion of cancellation {unknown}
 s - a potion of lignification {unknown}


   Skills:
 + Level 3.4 Fighting
 + Level 3.1 Short Blades
 + Level 3.2 Throwing
 + Level 1.9 Armour
 + Level 2.7 Dodging
 - Level 4.0 Stealth


You had 5 spell levels left.
You didn't know any spells.
Your spell library contained the following spells:

 Spells                   Type           Power      Damage    Failure   Level
 Ensorcelled Hibernation  Hex/Ice        0%         N/A       100%        2
 Tukima's Dance           Hex            Unusable   N/A       N/A         3

Dungeon Overview and Level Annotations

Branches:
Dungeon (5/15)
 Temple: D:4-7

Altars:
Okawaru
Ru
Xom
Yredelemnul

Annotations:
D:3 3 runed translucent doors, Atlas's ghost, amateur DgEE


Innate Abilities, Weirdness & Mutations

You are partially covered in sharp spines.
You have a tail ending in a sharp stinger.


Message History

The scorpion is heavily wounded.
You feel sick. The scorpion stings you.
You are more poisoned.
The scorpion poisons you!
You hit the scorpion but do no damage.
The scorpion is heavily wounded.
You feel very sick. The scorpion stings you.
You hit the scorpion but do no damage.
Your tail-slap misses the scorpion.
The scorpion is heavily wounded.
You feel very sick. The scorpion stings you.
You closely miss the scorpion.
Your tail-slap misses the scorpion.
The scorpion is heavily wounded.
You feel very sick.
The scorpion stings you but does no damage.
You are too injured to fight recklessly!
You are too injured to fight recklessly!
You are too injured to fight recklessly!
You are too injured to fight recklessly!
You are too injured to fight recklessly!
You feel very sick.
The scorpion stings you but does no damage.
The scorpion is struck by your spines. The scorpion stings you!
* * * LOW HITPOINT WARNING * * *
You are lethally poisoned!
The scorpion poisons you!
* * * LOW HITPOINT WARNING * * *
You feel very sick.
You hit the scorpion.
Your tail-slap misses the scorpion.
The scorpion is almost dead.
* * * LOW HITPOINT WARNING * * *
You feel very sick.
The scorpion stings you but does no damage.
You hit the scorpion.
You kill the scorpion!
Okawaru accepts your kill.
* * * LOW HITPOINT WARNING * * *
You feel very sick.
You die...

### ......?
.># ##.......
#..##........
#............
# .#..........
#.#. .........
#...##........
##.@........
#..###......
###.## ##.##
#...# #.###
###.# ###
#######...# ..
#.........# .#
#.........##.#


There were no monsters in sight!

Vanquished Creatures
  A scorpion (D:5)
  A bullfrog zombie (D:4)
  2 jellies
  2 iguanas
  An orc wizard (D:3)
  2 hound zombies (D:4)
  A gnoll (D:1)
  2 adders (D:2)
  2 adder zombies (D:4)
  2 adder skeletons
  A worm (D:2)
  3 dart slugs
  5 orcs
  6 endoplasms
  3 giant cockroaches
  7 goblins
  8 hobgoblins
  3 quokkas (D:1)
  8 ball pythons
  6 bats
  10 kobolds
  2 rats
  A butterfly (D:4)
79 creatures vanquished.

Vanquished Creatures (others)
  A plant (D:5)
1 creature vanquished.

Grand Total: 80 creatures vanquished

Notes
Turn   | Place    | Note
-------+----------+-------------------------------------------
     0 | D:1      | siradein the Demonspawn Brigand began the quest for the
                  | Orb.
     0 | D:1      | Reached XP level 1. HP: 16/16 MP: 1/1
   199 | D:1      | Reached skill level 1 in Dodging
   536 | D:1      | Gained mutation: You have a small tail. [demonic ancestry]
   536 | D:1      | Reached XP level 2. HP: 13/22 MP: 2/2
  1267 | D:1      | Reached XP level 3. HP: 3/28 MP: 3/3
  1966 | D:2      | Reached skill level 4 in Stealth
  2142 | D:2      | Reached XP level 4. HP: 34/34 MP: 4/4
  2618 | D:3      | Found an iron altar of Okawaru.
  2664 | D:3      | Became a worshipper of Warmaster Okawaru
  2767 | D:3      | Found a runed translucent gate.
  2767 | D:3      | Found a runed translucent gate.
  2767 | D:3      | Found a runed translucent gate.
  2775 | D:3      | Noticed Atlas's ghost (amateur DgEE)
  3015 | D:3      | Found a sacrificial altar of Ru.
  3669 | D:4      | Found a shimmering altar of Xom.
  3828 | D:4      | Reached skill level 1 in Armour
  3828 | D:4      | Gained mutation: You are partially covered in sharp spines.
                  | [demonic ancestry]
  3828 | D:4      | Reached XP level 5. HP: 8/40 MP: 5/5
  4165 | D:4      | Found a basalt altar of Yredelemnul.
  4370 | D:4      | Gained mutation: You have a tail ending in a sharp stinger.
                  | [demonic ancestry]
  4370 | D:4      | Reached XP level 6. HP: 45/47 MP: 6/6
  4884 | D:5      | Entered Level 5 of the Dungeon
  5103 | D:5      | HP: 1/47 [poisoned by a scorpion]
  5104 | D:5      | Succumbed to a scorpion's poison

Illustrated notes

Levels and vault maps discovered:
D:1:      minmay_arrival_glassed_features, layout_loops_corners, minivault_4,
          minmay_box_of_dots
D:2:      layout_basic, chequers_decorated_corner
D:3:      gammafunk_ghost_necromancy, layout_basic, okawaru_ov_weapons_minmay,
          nicolae_ru_great_annihilating_truth
D:4:      layout_basic, xom_butterflies, nicolae_yredelemnul_corpse_copse
D:5:      layout_rooms, serial_bayou, serial_bayou_pond_c, serial_bayou_pond_e,
          serial_bayou_pond_a, serial_bayou_pond_e, serial_bayou_pond_d,
          uniq_duvessa

Skill      XL: |  1  2  3  4  5 |
---------------+----------------+-----
Dodging        | 1 2 |  2.7
Short Blades   | 2 3 |  3.1
Throwing       | 2 3 |  3.2
Stealth        | 4 |  4.0
Armour         | 1 |  1.9
Fighting       | 3 |  3.4

Action                   |  1- 3 |  4- 6 || total
-------------------------+-------+-------++-------
Melee: Dagger            |   121 |   183 ||   304
       Tailslap          |     9 |    25 ||    34
Throw: Dart              |     4 |       ||     4
       Stone             |     4 |    34 ||    38
  Use: Scroll            |       |     1 ||     1
 Stab: Sleeping          |     1 |       ||     1
       Distracted        |     1 |       ||     1
Armor: Robe              |    24 |       ||    24
       Scale mail        |     8 |     8 ||    16
       Chain mail        |       |    96 ||    96
Dodge: Dodged            |    65 |    52 ||   117

Table legend: (Time is in decaauts)
 A = Elapsed time spent in this place.
 B = Non-inter-level travel time spent in this place.
 C = Inter-level travel time spent in this place.
 D = Time resting spent in this place.
 E = Time spent auto-exploring this place.
 F = Levels seen in this place.
 G = Mean time per level.
                   A        B        C        D        E       F      G
               +--------+--------+--------+--------+--------+-----+--------+
         Total |   5066 |   4950 |    116 |    133 |   4112 |   5 | 1013.2 |
       Dungeon |   5066 |   4950 |    116 |    133 |   4112 |   5 | 1013.2 |
               +--------+--------+--------+--------+--------+-----+--------+

Top non-repeatable levels by time:
     D:1: 1833 daAuts
     D:4: 1599 daAuts
     D:3: 772 daAuts
     D:2: 645 daAuts
     D:5: 216 daAuts
